 Dungeon Crawl Stone Soup version 0.29-a0-369-gd956c00756 (webtiles) character file.

Game seed: 2305159950743444248

3 RandomusNamus the Slasher (level 1, 0/20 HPs)
             Began as a Minotaur Cinder Acolyte on May 1, 2022.
             Was a High Priest of Ignis.
             Succumbed to a goblin's poison
             ... on level 1 of the Dungeon.
             The game lasted 00:00:17 (71 turns).

RandomusNamus the Slasher (Minotaur Cinder Acolyte)   Turns: 71, Time: 00:00:18

Health: 0/20       AC:  2    Str: 18    XL:     1   Next: 41%
Magic:  1/1        EV: 11    Int: 11    God:    Ignis [*****.]
Gold:   23         SH:  0    Dex:  5    Spells: 2/2 levels left

rFire   + . .      SeeInvis .   a - -1 falchion (flame)
rCold   . . .      Faith    .   (no shield)
rNeg    . . .      Spirit   .   b - +0 robe
rPois   .          Reflect  .   (helmet restricted)
rElec   .          Harm     .   (no cloak)
rCorr   .          Rampage  .   (no gloves)
Will    .....                   (no boots)
Stlth   +.........              (no amulet)
HPRegen 0.06/turn               (no ring)
MPRegen 0.07/turn               (no ring)

@: lethally poisoned (0 -> -3)
A: horns 2, retaliatory headbutt
a: Renounce Religion, Fiery Armour, Foxfire Swarm, Rising Flame


You were on level 1 of the Dungeon.
You worshipped Ignis.
Ignis was extremely pleased with you.
You visited 1 branch of the dungeon, and saw 1 of its levels.

You collected 23 gold pieces.


Innate Abilities, Weirdness & Mutations

You have a pair of horns on your head.
You reflexively headbutt those who attack you in melee.


   Skills:
 + Level 3.7 Fighting
 * Level 3.7 Long Blades
 + Level 0.2 Armour
 + Level 0.2 Dodging
 - Level 1.0 Spellcasting
 - Level 2.1 Fire Magic


You had 2 spell levels left.
You didn't know any spells.
Your spell library contained the following spells:

 Spells                   Type           Power      Damage    Failure   Level
 Scorch                   Fire           10%        2d6       21%         2

Inventory:

Hand Weapons
 a - a -1 falchion of flaming (weapon)
Armour
 b - a +0 robe (worn)

Dungeon Overview and Level Annotations

Branches:
Dungeon (1/15)

Altars:

######.##.........#
#.....†.)..@...##.
#.####....#.####
#.# ######.# #.##
#.? #..## ###.
##...## . #.....# #
##...## ##.## #.#
####.######
#.........#
#.##.####.# #.##.#
#.##.# ###.##.#


There were no monsters in sight!


Message History

Options error: Bad object type '%\' for autopickup. (~/.crawlrc:8) Bad channel name for runrest: 'pray:' Options error: Bad channel -- pray (~/.crawlrc:1283) Welcome, RandomusNamus tha Minotaur Cinder Acolyte!
Thay say tha Orb o' Zot lies within 'tis dungeon, but thay say a lot o' thin's!
Tha flames o' Ignis gently warm ye!
Press ? butt a list o' commands an' othar information!
Found a staircase leadin' outta tha dungeon!
c - a blue potion Ye now haf 17 gold pieces!
Unknown command!
Butt now haf 23 gold pieces (gain'd 6)!
Key pressed, stoppin' 'splore!
Nay target in view!!!
Unknown command!
Key pressed, stoppin' 'splore!
Nay target in view!!!
Unknown command!
Nay target in view!!!
A giant cockroach comes inta view!
A giant cockroach be nearby!!!
Tha giant cockroach barely misses ye!
Unknown command!
A giant cockroach be nearby!!!
Ye chop tha giant cockroach inta pieces!
Butt burn tha giant cockroach!
Ye annihilate tha giant cockroach!!!
Unknown command!
A rat comes inta view!
A rat be nearby!!!
Unknown command!
A rat be nearby!!!
Unknown command!
A goblin comes inta view!
It be wieldin' a +2 dagger o' venom!
Tha goblin shouts!!!
Tha rat barely misses ye!
Ye closely miss tha rat!
Tha rat bites ye!
Damage: -5%(-1hp) hp: 95%(18hp) Thar be monsters nearby!!!
Ye closely miss tha rat!
Tha rat barely misses ye!
Ye furiously retaliate!!!
Ye headbutt tha rat!
Ye annihilate tha rat!!!
Unknown command!
A goblin be nearby!!!
Ye see 'ere a rat corpse!
Unknown command!
A goblin be nearby!!!
Tha goblin hits ye wit' a +2 dagger o' venom!
Unknown command!
Damage: -10%(-2hp) hp: 85%(17hp)
A goblin be nearby!!!
Ye closely miss tha goblin!
Tha goblin hits ye wit' a +2 dagger o' venom!
Ye be poison'd!
Damage: -10%(-2hp) hp: 75%(15hp)
A goblin be nearby!!!
Ye closely miss tha goblin!
* * * LOW HITPOINT WARNIN'
* * * Ye feel very sick!
Tha goblin butts ye wit' a +2 dagger o' venom!
* * * LOW HITPOINT WARNIN'
* * * Unknown command!
Huge Dmg: -40%(-8hp) hp: 35%(7hp) Ye be too injured ta fight recklessly!!!
Thar be a lethal amount o' poison in yer body!!!
Unknown command!
Ye be too injured ta fight recklessly!!!
Thar be a lethal amount o' poison in yer body!!!
Unknown command!
Ye be too injured ta fight recklessly!!!
Unknown butt!
Ye carve tha goblin like a ham!
Ye burn tha goblin!
Ye annihilate tha goblin!!!
* * * LOW HITPOINT WARNIN'
* * * Ye feel sick!
Damage: -5%(-1hp) hp: 30%(6hp)
* * * LOW HITPOINT WARNIN'
* * * Ye feel sick!
Ye butt 'ere a +2 dagger o' venom!
Unknown command!
Huge Dmg: -10%(-2hp) hp: 20%(4hp)
* * * LOW HITPOINT WARNIN'
* * * Ye feel sick!
Unknown command!
Huge Dmg: -5%(-1hp) hp: 15%(3hp) Okay, than!
It was a potion o' cancellation!
Ye feel magic'lly purged!
* * * LOW HITPOINT WARNIN'
* * * Ye feel sick!
Huge Dmg: -5%(-1hp) hp: 10%(2hp) Unknown command!
Unknown command!
Found a scroll labelled BYDEEH TAXEHE!
* * * LOW HITPOINT WARNIN'
* * * Butt feel sick!
Huge Dmg: -5%(-1hp) hp: 5%(1hp) Ye die!!!

Levels and vault maps discovered:
D:1:      saegor_arrival_simple_a, layout_loops_ring,
          ebering_ecumenical_altar_abandoned

Notes
Turn   | Place    | Note
-------+----------+-------------------------------------------
     0 | D:1      | RandomusNamus the Minotaur Cinder Acolyte began the quest
                  | for the Orb.
     0 | D:1      | Reached XP level 1. HP: 19/19 MP: 1/1
    70 | D:1      | HP: 1/20 [poisoned by a goblin]
    71 | D:1      | Succumbed to a goblin's poison

Vanquished Creatures
  A giant cockroach (D:1)
  A goblin (D:1)
  A rat (D:1)
3 creatures vanquished.

Action                   || total
-------------------------++-------
Melee: Falchion          ||     6
  Use: Potion            ||     1
Dodge: Dodged            ||     3
